 Dungeon Crawl Stone Soup version 0.26.1-10-gdfb7c7de75 (webtiles) character file.

Game seed: 15484061587942479575

41 goldendragon the Skirmisher (level 3, -1/31 HPs)
             Began as a Draconian Berserker on Apr 9, 2021.
             Was a Follower of Trog.
             Succumbed to an orc's poison
             ... on level 3 of the Dungeon.
             The game lasted 00:17:52 (2347 turns).

goldendragon the Skirmisher (Draconian Berserker)   Turns: 2347, Time: 00:17:53

Health: -1/31      AC:  6    Str: 20    XL:     3   Next: 32%
Magic:  3/3        EV: 10    Int:  7    God:    Trog [*.....]
Gold:   153        SH:  7    Dex: 10    Spells: 2/2 levels left

rFire    + + .     SeeInvis .   h - +2 spear (vorpal)
rCold    + . .     Faith    .   k - +0 kite shield
rNeg     . . .     Spirit   .   (armour unavailable)
rPois    +         Reflect  .   (helmet restricted)
rElec    .         Harm     .   m - scarf {rC+ rF+}
rCorr    .         Rampage  .   (no gloves)
Will     .....                  o - +0 pair of boots
Stlth    +.........             (no amulet)
HPRegen  0.50/turn              (no ring)
MPRegen  0.08/turn              (no ring)

@: lethally poisoned (-1 -> -17), berserk cooldown, slowed, very slow
A: unfitting armour, stinger 1, fire resistance 1, poison resistance,
regeneration 1, cold-blooded, AC +5
a: Renounce Religion, Berserk


You were on level 3 of the Dungeon.
You worshipped Trog.
Trog was aware of your devotion.
You visited 1 branch of the dungeon, and saw 3 of its levels.

You collected 153 gold pieces.

Inventory:

Hand Weapons
 a - a +0 hand axe
 h - a +2 vorpal spear (weapon)
Armour
 f - a +1 cloak
 k - a +0 kite shield (worn)
 m - a scarf of resistance (worn)
 o - a +0 pair of boots (worn)
Wands
 p - a wand of acid (1)
Scrolls
 b - 2 scrolls of remove curse
 c - a scroll of identify
 e - 2 scrolls of enchant weapon
 i - a scroll of enchant armour {unknown}
 j - a scroll of magic mapping {unknown}
 l - 2 scrolls of teleportation {unknown}
Potions
 g - a potion of curing


   Skills:
 + Level 3.6 Fighting
 - Level 3.5 Axes
 * Level 0.3(2.2) Polearms
 + Level 3.0 Dodging
 * Level 0.9 Shields


You had 2 spell levels left.
You didn't know any spells.
Your spell library was empty.

Dungeon Overview and Level Annotations

Branches:
Dungeon (3/15)

Altars:


Innate Abilities, Weirdness & Mutations

Your plain brown scales are hard. (AC +5)
You cannot fit into any form of body armour.
You are cold-blooded and may be slowed by cold attacks.
Your tail ends in a poisonous barb.
Your flesh is heat resistant. (rF+)
Your system is resistant to poisons. (rPois)
Your natural rate of healing is unusually fast.


Message History

The orc hits you but does no damage. The orc closely misses you.
You hit the orc but do no damage.
You feel very sick. The orc barely misses you. The orc closely misses you.
The orc hits you but does no damage. The orc barely misses you.
You block the orc's attack.
Unknown command.
You hit the orc.
The orc is almost dead.
* * * LOW HITPOINT WARNING * * *
You feel very sick.
The orc hits you from afar with a +0 trident.
* * * LOW HITPOINT WARNING * * *
You block the orc's attack. The orc hits you but does no damage.
The orc barely misses you. The orc hits you but does no damage.
It was a potion of mutation.
You feel extremely strange.
You feel resistant to heat.
A poisonous barb forms on the end of your tail.
You feel resistant to poisons.
You begin to heal more quickly.
You die...

.........#
.........#
.........#
.........#
.........#
.......o.#
.......o.# #
.......)@# .
........o##.#
###....)..#.# #
##.####.#.##.#
... #........#
#######.#......#
#.............##
######.###..###
#..<.....#


You could see 3 orcs.

Vanquished Creatures
  An adder (D:2)
  2 leopard geckos (D:1)
  An orc (D:3)
  6 hobgoblins
  4 bats (D:1)
  2 frilled lizards (D:2)
  5 goblins
  2 kobolds
  6 rats
29 creatures vanquished.

Notes
Turn   | Place    | Note
-------+----------+-------------------------------------------
     0 | D:1      | goldendragon the Draconian Berserker began the quest for
                  | the Orb.
     0 | D:1      | Reached XP level 1. HP: 19/19 MP: 1/1
   460 | D:1      | Reached XP level 2. HP: 14/26 MP: 2/2
  2025 | D:2      | Reached XP level 3. HP: 17/31 MP: 3/3
  2346 | D:3      | HP: 1/31 [orc/+0 trident (4)]
  2347 | D:3      | Gained mutation: Your flesh is heat resistant. (rF+)
                  | [potion of mutation]
  2347 | D:3      | Gained mutation: Your tail ends in a poisonous barb.
                  | [potion of mutation]
  2347 | D:3      | Gained mutation: Your system is resistant to poisons.
                  | (rPois) [potion of mutation]
  2347 | D:3      | Gained mutation: Your natural rate of healing is unusually
                  | fast. [potion of mutation]
  2347 | D:3      | Succumbed to an orc's poison

Illustrated notes

Levels and vault maps discovered:
D:1:      matt_arrival_los_fun, layout_basic
D:2:      layout_loops_ring
D:3:      layout_basic, grunt_temple_overflow_order_and_chaos_2,
          chequers_ecumenical_altar_lobes, gup_sewer_entry_pipe

Skill      XL: |  1  2 |
---------------+-------+-----
Dodging        | 3 |  3.0
Fighting       | |  3.6
Axes           | |  3.5
Polearms       | |  0.3
Shields        | |  0.9

Action                   || total
-------------------------++-------
Melee: Hand axe          ||    36
       Tailslap          ||     6
       Spear             ||    45
Invok: Berserk           ||     2
  Use: Scroll            ||     6
       Potion            ||     3
 Stab: Sleeping          ||     1
Armor: Skin              ||    56
Dodge: Dodged            ||    54
Block: Kite shield       ||    27
